 Dungeon Crawl Stone Soup version 0.31.0-11-ge490571c62 (webtiles) character file.

Game seed: 7285568437143164807

69 qw the Shooter (level 4, -1/25 HPs)
             Began as a Deep Elf Hunter on Feb 4, 2024.
             Slain by a hobgoblin (2 damage)
             ... on level 3 of the Dungeon.
             The game lasted 00:01:02 (2204 turns).

qw the Shooter (Deep Elf Hunter)                    Turns: 2204, Time: 00:01:03

Health: -1/25      AC:  5    Str: 10    XL:     4   Next: 2%
Magic:  6/6        EV: 11    Int: 14    God:
Gold:   125        SH:  0    Dex: 18    Spells: 3/3 levels left

rFire   . . .        a - +0 shortbow
rCold   . . .        (shield currently unavailable)
rNeg    . . .        h - +0 ring mail
rPois   .            (no helmet)
rElec   .            (no cloak)
rCorr   .            (no gloves)
SInv    .            (no boots)
Will    .....        (no amulet)
Stlth   +            (no ring)
HPRegen 0.24/turn    (no ring)
MPRegen 0.10/turn

%: no passive effects
@: hasted, very quick
A: no striking features
a: no special abilities


You were on level 3 of the Dungeon.
You visited 1 branch of the dungeon, and saw 3 of its levels.

You collected 125 gold pieces.


   Skills:
 - Level 1.5 Fighting
 + Level 7.4 Ranged Weapons
 - Level 2.4 Dodging
 - Level 1.2 Stealth


You had 3 spell levels left.
You didn't know any spells.
Your spell library was empty.

Inventory:

Hand Weapons
 a - a +0 shortbow (weapon)
Armour
 h - a +0 ring mail (worn)
Jewellery
 b - a ring of fire
Scrolls
 i - 2 scrolls of identify
Potions
 c - a potion of degeneration {unknown}
 e - a potion of heal wounds {unknown}
 f - a potion of enlightenment {unknown}
 g - a potion of cancellation {unknown}
 j - a potion of brilliance {unknown}
 m - a potion of attraction {unknown}

Dungeon Overview and Level Annotations

Branches:
Dungeon (3/15)

Altars:
Nemelex Xobeh
Uskayaw
The Shining One

Annotations:
D:3 1 runed translucent door, Crazy Yiuf, Ijyb, Robin


Message History

You shoot an arrow. The arrow hits the goblin.
You kill the goblin!
Robin throws the goblin at you!
You have reached level 4!
You feel clever.
You shoot an arrow. The arrow barely misses the goblin.
The goblin hits you but does no damage.
You shoot an arrow. The arrow hits the hobgoblin!
You kill the hobgoblin!
The goblin hits you but does no damage.
2197 ||| DRINKING potion of haste.
You feel yourself speed up. The goblin closely misses you.
You shoot an arrow. The arrow barely misses Ijyb.
Ijyb completely misses you.
A rat comes into view.
The goblin hits you with a +0 dagger. The hobgoblin closely misses you.
You shoot an arrow. The arrow closely misses Ijyb.
The rat squeaks loudly.
Ijyb barely misses you. The goblin closely misses you.
The hobgoblin misses you.
You shoot an arrow. The arrow hits Ijyb!
Ijyb is moderately wounded.
Ijyb completely misses you. The goblin hits you but does no damage.
The hobgoblin hits you.
You shoot an arrow. The arrow hits Ijyb but does no damage.
Ijyb is moderately wounded.
Ijyb hits you with a +2 club. The goblin hits you with a +0 dagger.
The hobgoblin hits you.
You shoot an arrow. The arrow hits Ijyb but does no damage.
Ijyb is moderately wounded.
You shoot an arrow. The arrow closely misses Ijyb.
Ijyb hits you with a +2 club. The goblin completely misses you.
The hobgoblin hits you but does no damage.
You shoot an arrow. The arrow hits Ijyb.
Ijyb is heavily wounded.
The goblin no longer looks unusually strong.
The hobgoblin no longer looks unusually strong.
Ijyb zaps a wand.
You resist with some effort.
Robin roars a battlecry!
The goblins go into a battle-frenzy!
The goblin hits you with a +0 dagger. The hobgoblin hits you.
You die...

#.# ... #.#
.... #.#
......
#.###... ..
#.#... ...
. #.#.#
.... #
#...# .....
##.g#r.....
#.@gg.....
#g##......
#.. !...##
### ####


You could see Ijyb (strong), Robin, a hobgoblin (strong), a goblin (strong) and
a rat.

Vanquished Creatures
  2 adders
  7 ball pythons
  4 endoplasms
  4 goblins
  5 hobgoblins
  4 jackals (D:1)
  5 kobolds
  5 quokkas
  3 bats
  4 frilled lizards
  5 rats
48 creatures vanquished.

Notes
Turn   | Place    | Note
-------+----------+-------------------------------------------
     0 | D:1      | qw the Deep Elf Hunter began the quest for the Orb.
     0 | D:1      | Reached XP level 1. HP: 12/12 MP: 3/3
     0 | D:1      | 0 ||| qw: Version: 0.3-a-160-g6735b56
     0 | D:1      | 0 ||| qw: Game counter: 6017
     0 | D:1      | 0 ||| qw: Melee chars always use a shield: true
     0 | D:1      | 0 ||| qw: God list: Okawaru
     0 | D:1      | 0 ||| qw: Allow faded altars: false
     0 | D:1      | 0 ||| qw: Do Orc after clearing Dungeon:15 true
     0 | D:1      | 0 ||| qw: Do second Lair branch before Depths: true
     0 | D:1      | 0 ||| qw: Lair rune preference: random
     0 | D:1      | 0 ||| qw: Goals: Normal
     0 | D:1      | 0 ||| PLANNING D:1-11
   461 | D:1      | Reached XP level 2. HP: 16/16 MP: 4/4
   486 | D:1      | Reached skill level 6 in Ranged Weapons
   832 | D:1      | 832 ||| UPGRADING to +0 ring mail.
   842 | D:1      | 842 ||| DROPPING +0 leather armour.
   843 | D:1      | 843 ||| READING scroll labelled VYFYHACEBU.
   944 | D:1      | 944 ||| READING scroll labelled JUGALI SAZUO.
   947 | D:1      | 947 ||| READING scroll labelled TYILOT OKEZICKUSA.
   948 | D:1      | 948 ||| READING scroll labelled UTUTSEF HAPUAL.
   948 | D:1      | 948 ||| IDENTIFYING glowing inky potion
   949 | D:1      | 949 ||| DROPPING scroll of butterflies.
  1202 | D:2      | Reached XP level 3. HP: 20/20 MP: 5/5
  1250 | D:2      | HP: 4/20 [kobold/+0 dagger (3)]
  1342 | D:2      | Reached skill level 7 in Ranged Weapons
  1401 | D:2      | Found a sparkling altar of Nemelex Xobeh.
  1560 | D:2      | 1560 ||| READING scroll labelled VACYTI HILO.
  1595 | D:3      | Found a hide-covered altar of Uskayaw.
  1642 | D:3      | Found a runed translucent door.
  1643 | D:3      | Noticed Crazy Yiuf
  1712 | D:3      | Found a faded altar of an unknown god.
  1816 | D:3      | Found a sparkling altar of Nemelex Xobeh.
  1872 | D:3      | Found a faded altar of an unknown god.
  1876 | D:3      | Found a glowing golden altar of the Shining One.
  1963 | D:3      | HP: 5/20 [kobold/+0 short sword (3)]
  2191 | D:3      | Noticed Ijyb
  2191 | D:3      | Noticed Robin
  2195 | D:3      | Reached XP level 4. HP: 24/25 MP: 6/6
  2197 | D:3      | 2197 ||| DRINKING potion of haste.
  2203 | D:3      | HP: 5/25 [Ijyb/+2 club (6)]
  2204 | D:3      | HP: 1/25 [goblin/+0 dagger (5)]
  2204 | D:3      | Slain by a hobgoblin

Levels and vault maps discovered:
D:1:      psy_arrival_whirlpool, layout_loops_corners, minmay_door_square
D:2:      layout_basic, basic_altar
D:3:      layout_loops_cross, eat_drink_and_be_merry_uskayaw,
          nemelex_diamond_rough_becter, nicolae_overflow_ecumenical_swirl,
          shapermc_ecumenical_altar_totnotflames, st_stairs_5,
          nicolae_goblin_pals, uniq_crazy_yiuf_cottage

Skill      XL: |  1  2  3 |
---------------+----------+-----
Ranged Weapons | 6 7 |  7.4
Fighting       | |  1.5
Dodging        | |  2.4
Stealth        | |  1.2

Action                     |  1- 3 |  4- 6 || total
---------------------------+-------+-------++-------
   Fire: Shortbow          |   130 |     9 ||   139
    Use: Scroll            |     5 |       ||     5
         Potion            |       |     1 ||     1
 Armour: Leather armour    |     4 |       ||     4
         Ring mail         |    48 |    12 ||    60
  Dodge: Dodged            |    47 |     8 ||    55

Table legend:
 A = Non-vault XP
 B = Vault XP
 C = Vault XP percentage of total XP
 D = Non-vault monster count
 E = Vault monster count
 F = Vault count percentage of total count
                 A         B        C        D         E       F
            +---------+---------+-------+---------+---------+-------
      Total |      78 |      21 |  21.2 |      42 |       6 |  12.5
            +---------+---------+-------+---------+---------+-------
        D:1 |      29 |       0 |   0.0 |      18 |       0 |   0.0
        D:2 |      38 |       0 |   0.0 |      16 |       0 |   0.0
        D:3 |      11 |      21 |  65.6 |       8 |       6 |  42.9
            +---------+---------+-------+---------+---------+-------
